 Dungeon Crawl Stone Soup version 0.19-a0-1002-g674d22e (webtiles) character file.

4500 mistymad the Fighter (level 10, -5/83 HPs)
             Began as a Formicid Abyssal Knight on July 19, 2016.
             Was a High Priest of Lugonu.
             Killed from afar by a deep elf knight (16 damage)
             ... with a stone arrow
             ... on level 8 of the Dungeon.
             The game lasted 00:22:33 (8725 turns).

mistymad the Fighter (Formicid Abyssal Knight)      Turns: 8725, Time: 00:22:34

Health: -5/83      AC: 15    Str: 21    XL:     10   Next: 65%
Magic:  10/11      EV:  7    Int: 11    God:    Lugonu [*****.]
Gold:   309        SH: 10    Dex: 10    Spells: 0 memorised, 9 levels left

rFire  . . .     SeeInvis +     h - +1 war axe
rCold  . . .     Gourm    .     y - +0 chain mail
rNeg   + . .     Faith    .     x - +0 shield
rPois  .         Spirit   .     (helmet unavailable)
rElec  .         Dismiss  .     (no cloak)
rCorr  .         Reflect  .     (no gloves)
SustAt .         Harm     .     t - +1 pair of boots
MR     +....     Clarity  +     v - amulet of regeneration
Stlth  ..........               (no ring)
                                d - ring of positive energy

@: lethally poisoned (-5 -> -10), somewhat resistant to hostile enchantments,
extremely unstealthy
A: permanent stasis, dig shafts and tunnels, four strong arms, antennae 3,
talons 1, icy blue scales 1, molten scales 1, clarity
a: Dig, Shaft Self, Depart the Abyss, Bend Space, Banish, Corrupt, Enter the
Abyss, Renounce Religion


You were on level 8 of the Dungeon.
You worshipped Lugonu.
Lugonu was extremely pleased with you.
You were not hungry.

You visited 2 branches of the dungeon, and saw 10 of its levels.
You visited the Abyss 1 time.

You collected 420 gold pieces.
You spent 111 gold pieces at shops.

Inventory:

Hand Weapons
 h - a +1 war axe (weapon)
 G - a +0 battleaxe
Armour
 t - a +1 pair of boots (worn)
 x - a +0 shield (worn)
 y - a +0 chain mail (worn)
Jewellery
 d - a ring of positive energy (left hand)
 v - an amulet of regeneration (around neck)
Wands
 a - a wand of lightning (5/15)
 s - a wand of iceblast (4/15)
 C - a wand of lightning (11/15)
 F - a wand of disintegration (7/24)
Scrolls
 b - 4 scrolls of remove curse
 e - 2 scrolls of magic mapping
 n - 3 scrolls of enchant armour
 r - 2 scrolls of teleportation {unknown}
 E - 3 scrolls of fear {unknown}
Potions
 f - 2 potions of brilliance
 g - 6 potions of curing
 i - a potion of ambrosia
 k - a potion of flight
 m - 2 potions of might
 p - 2 potions of magic {unknown}
 q - a potion of cure mutation
 u - 2 potions of heal wounds
 A - a potion of resistance {unknown}
 D - a potion of haste {unknown}
Comestibles
 c - 6 bread rations
 j - 2 meat rations
 l - 4 chunks of flesh
 o - 10 royal jellies
 z - 6 fruits
 B - 4 beef jerkies


   Skills:
 + Level 9.2 Fighting
 + Level 8.2 Axes
 + Level 8.6 Armour
 - Level 0.8 Dodging
 + Level 7.3 Shields
 - Level 2.1 Invocations


You had 9 spell levels left.
You didn't know any spells.

Dungeon Overview and Level Annotations

Branches:
Dungeon (9/15)             Temple (1/1) D:4            Lair (0/6) D:8
    Orc: D:9-12

Altars:
Ashenzari
Cheibriados
Dithmenos
Elyvilon
Fedhas
Hepliaklqana
Kikubaaqudgha
Makhleb
Nemelex Xobeh
Okawaru
Pakellas
Qazlal
Ru
Sif Muna
Trog
Uskayaw
Vehumet
Xom
Yredelemnul
Zin
The Shining One

Shops:
D:5 *?


Innate Abilities, Weirdness & Mutations

You are under a permanent stasis effect.
You can dig through walls and to a lower floor.
Your four strong arms can wield two-handed weapons with a shield.
You have a pair of large antennae on your head. (SInv)
You have sharp toenails.
You are partially covered in icy blue scales. (AC +1)
You are partially covered in molten scales. (AC +1)
You possess an exceptional clarity of mind.


Message History

You take 6 damage, and have 22/83 hp.
The meliai hits you but does no damage. You block the meliai's attack.
You block the meliai's attack. The meliai stings you!
* * * LOW HITPOINT WARNING * * *
You are poisoned.
The meliai poisons you!
You take 7 damage, and have 16/83 hp.
You feel sick. The meliai hits you but does no damage.
The meliai stings you but does no damage.
You take 1 damage, and have 15/83 hp.
You feel sick. The meliai hits you but does no damage.
The meliai stings you but does no damage.
You take 1 damage, and have 14/83 hp.
You feel sick. You block the meliai's attack. The meliai stings you.
* * * LOW HITPOINT WARNING * * *
You take 3 damage, and have 11/83 hp.
You feel sick.
The deep elf knight gestures at you while chanting.
The stone arrow hits you!
You die...

.###..P....## #.#.###
.'.......P..# #.#.###
.##....))...## #.#...#
.......>.....# #.#...#
.##..........###.#...#
.'....................
.###.P.....#####.#..##
###...[P..# #...... #
#.##@....## ####..#
#.####.###e..### ##.#
...............# #.#
...............# #..
...............# ##.
######5#####..# #.
#####.## {#..# ##
#..)#..+ #..# #
#ยง.)'..# #..# #


You could see a deep elf knight.

Vanquished Creatures
  A troll (D:8)
  A vampire mosquito (D:8)
  Menkaure (D:4)
  A hippogriff (D:8)
  A soldier ant (D:8)
  2 wargs (D:8)
  2 ice beasts (D:7)
  3 sky beasts
  2 orc warriors
  3 phantoms
  2 black bears
  3 wasps (D:8)
  2 centaurs
  An ogre (D:7)
  Blork the orc (D:6)
  A big kobold (D:8)
  4 scorpions
  3 howler monkeys
  2 crimson imps
  A centaur zombie (D:5)
  2 jellies
  8 orc wizards
  5 hounds
  14 orc priests
  A giant frog skeleton (D:6)
  3 iguanas
  10 worker ants
  2 worker ant zombies (D:5)
  4 gnolls
  5 adders
  An ooze (D:4)
  7 worms
  2 adder skeletons
  A dart slug (D:2)
  8 giant geckos
  28 orcs
  5 giant cockroaches
  7 goblins
  11 hobgoblins
  5 jackals (D:4)
  14 kobolds
  2 quokkas
  A ball python (D:1)
  6 bats
  3 giant gecko skeletons
  3 giant newts
  A jackal skeleton (D:4)
  3 quokka zombies
  7 rats
206 creatures vanquished.

Notes
Turn   | Place    | Note
-------+----------+-------------------------------------------
     0 | Abyss:1  | mistymad the Formicid Abyssal Knight began the quest for the Orb.
     0 | Abyss:1  | Reached XP level 1. HP: 18/18 MP: 2/2
     5 | Abyss:1  | Found a corrupted altar of Lugonu.
    86 | Abyss:1  | Noticed a large abomination
    89 | D:1      | Escaped the Abyss
   255 | D:1      | Reached XP level 2. HP: 16/24 MP: 3/3
   283 | D:1      | Reached * piety under Lugonu
   677 | D:1      | Reached XP level 3. HP: 11/30 MP: 4/4
  1243 | D:2      | Reached skill level 4 in Fighting
  1467 | D:2      | Found a hazy altar of Hepliaklqana.
  1510 | D:2      | Reached XP level 4. HP: 36/37 MP: 5/5
  1570 | D:2      | Found an ancient bone altar of Kikubaaqudgha.
  1689 | D:2      | Found a snail-covered altar of Cheibriados.
  2347 | D:3      | Reached XP level 5. HP: 8/43 MP: 6/6
  2351 | D:3      | Reached ** piety under Lugonu
  2361 | D:3      | HP: 2/43 [hobgoblin/club (4)]
  3021 | D:3      | Reached XP level 6. HP: 45/49 MP: 7/7
  3440 | D:4      | Found a staircase to the Ecumenical Temple.
  3463 | D:4      | Found a radiant altar of Vehumet.
  3468 | Temple   | Entered the Ecumenical Temple
  3665 | D:4      | Reached skill level 5 in Fighting
  3666 | D:4      | Found a shadowy altar of Dithmenos.
  4124 | D:4      | Found an oddly glowing altar of Pakellas.
  4124 | D:4      | Found an iron altar of Okawaru.
  4124 | D:4      | Found a shattered altar of Ashenzari.
  4143 | D:4      | Reached XP level 7. HP: 41/56 MP: 8/8
  4395 | D:4      | Noticed Menkaure
  4401 | D:4      | Killed Menkaure
  4423 | D:4      | Reached skill level 6 in Fighting
  4423 | D:4      | Reached skill level 5 in Axes
  4423 | D:4      | Reached skill level 5 in Armour
  4675 | D:4      | Found a stormy altar of Qazlal.
  4676 | D:4      | Noticed a fire elemental
  4676 | D:4      | Noticed an air elemental
  4676 | D:4      | Noticed a water elemental
  4749 | D:5      | Entered Level 5 of the Dungeon
  4774 | D:5      | Reached XP level 8. HP: 61/64 MP: 9/9
  4875 | D:5      | Reached *** piety under Lugonu
  4920 | D:5      | Reached skill level 1 in Shields
  4930 | D:5      | Gained mutation: Your magical capacity is low. (-10% MP) [mutagenic meat]
  5071 | D:4      | Gained mutation: Potions and wands are less effective at restoring your health. [mutagenic meat]
  5074 | D:4      | Gained mutation: You occasionally shout uncontrollably at your foes. [mutagenic meat]
  5077 | D:4      | Gained mutation: You are partially covered in icy blue scales. (AC +1) [mutagenic meat]
  5080 | D:4      | Gained mutation: You sometimes yell uncontrollably at your foes. [mutagenic meat]
  5253 | D:5      | Found Daegegar's Magic Scroll Shop.
  5358 | D:5      | Reached skill level 7 in Fighting
  5395 | D:5      | Found Furuast's General Store.
  5398 | D:5      | Bought a potion of mutation for 37 gold pieces
  5398 | D:5      | Bought a scroll of identify for 30 gold pieces
  5398 | D:5      | Gained mutation: You possess an exceptional clarity of mind. [potion of mutation]
  5398 | D:5      | Gained mutation: You are partially covered in molten scales. (AC +1) [potion of mutation]
  5398 | D:5      | Gained mutation: You have sharp toenails. [potion of mutation]
  5410 | D:5      | Lost mutation: You sometimes yell uncontrollably at your foes. [potion of cure mutation]
  5410 | D:5      | Lost mutation: Potions and wands are less effective at restoring your health. [potion of cure mutation]
  5410 | D:5      | Lost mutation: Your magical capacity is low. (-10% MP) [potion of cure mutation]
  5410 | D:5      | Lost mutation: You occasionally shout uncontrollably at your foes. [potion of cure mutation]
  5528 | D:5      | Found a hide-covered altar of Uskayaw.
  6018 | D:5      | Bought a scroll of identify for 22 gold pieces
  6018 | D:5      | Bought a scroll of identify for 22 gold pieces
  6091 | D:6      | Reached XP level 9. HP: 49/72 MP: 10/10
  6396 | D:6      | Reached **** piety under Lugonu
  6560 | D:6      | Noticed Blork the orc
  6569 | D:6      | Killed Blork the orc
  6694 | D:6      | Found a bloodstained altar of Trog.
  6777 | D:6      | Found a deep blue altar of Sif Muna.
  6902 | D:6      | Found a shimmering altar of Xom.
  6903 | D:6      | Found a shimmering altar of Xom.
  6903 | D:6      | Found a shimmering altar of Xom.
  6904 | D:6      | Found a shimmering altar of Xom.
  6904 | D:6      | Found a shimmering altar of Xom.
  7417 | D:7      | Found a deep blue altar of Sif Muna.
  7532 | D:7      | Reached skill level 8 in Fighting
  7532 | D:7      | Reached skill level 5 in Shields
  7807 | D:7      | You fall through a shaft for 2 floors!
  7951 | D:8      | Reached XP level 10. HP: 71/81 MP: 11/11
  8022 | D:8      | Reached ***** piety under Lugonu
  8468 | D:8      | Found a staircase to the Lair.
  8513 | D:8      | Reached skill level 9 in Fighting
  8713 | D:8      | Noticed a deep elf knight
  8725 | D:8      | Killed from afar by a deep elf knight

Vault maps used:
D:1:      minmay_arrival_widening_spiral_wide, serial_park_tiny_pond,
          minmay_split_cup_small
D:2:      minmay_wonky_spiral, kennysheep_slug_shrine, kiku_gazebo_pond_becter,
          overflow_temple_1_default, serial_bayou_lagoon_a
D:3:      first_bread
D:4:      kennysheep_mini_moat, lemuel_doored_altar,
          nicolae_qazlal_style_of_elements, gammafunk_temple_overflow_claw,
          uniq_menkaure
D:5:      eat_drink_and_be_merry_uskayaw, serial_shops, nicolae_shop_waterfront,
          nicolae_shop_behind_doors
D:6:      nicolae_overflow_crystal_walls, basic_altar, nicolae_water_bricks,
          xom_redecorated, uniq_blork_the_orc
D:7:      led_sif_pool
D:8:      erik_lair_orcish_takeover, hangedman_pestilent_swarm,
          minmay_the_grid_2x2
D:9:      grunt_gozag_statues, basic_altar
Temple:   compressed_dpeg_triangle_lava_temple

Skill      XL: |  1  2  3  4  5  6  7  8  9 10 |
---------------+-------------------------------+-----
Fighting       | 4 5 6 7 8 9 |  9.2
Axes           | 3 4 5 6 7 8 |  8.2
Armour         | 3 4 5 6 7 8 |  8.6
Shields        | 2 5 7 |  7.3
Dodging        | |  0.8
Invocations    | |  2.1

Action                   |  1- 3 |  4- 6 |  7- 9 | 10-12 || total
-------------------------+-------+-------+-------+-------++-------
Melee: Hand axe          |   109 |    73 |       |       ||   182
       War axe           |       |   101 |   351 |   152 ||   604
Invok: Depart the Abyss  |     1 |       |       |       ||     1
       Bend Space        |       |       |       |     2 ||     2
 Abil: Dig               |       |     1 |     6 |       ||     7
Evoke: Wand              |       |     1 |       |       ||     1
  Use: Scroll            |       |     9 |     6 |       ||    15
       Potion            |       |       |     2 |       ||     2
  Eat: Chunk             |     2 |     9 |    19 |     3 ||    33
Armor: Leather armour    |    37 |     7 |       |       ||    44
       Ring mail         |       |    75 |    81 |       ||   156
       Chain mail        |       |       |    88 |   107 ||   195
Dodge: Dodged            |    74 |   106 |   141 |    49 ||   370
Block: Shield            |       |       |    74 |   114 ||   188
